 Dungeon Crawl Stone Soup version 0.28.0-53-g5a82cb258f (webtiles) character file.

Game seed: 18439946980918596120

95 Zeld the Digger (level 4, -2/24 HPs)
             Began as a Gargoyle Earth Elementalist on May 26, 2022.
             Slain by an orc priest
             ... wielding a +0 whip
              (5 damage)
             ... on level 3 of the Dungeon.
             The game lasted 00:03:34 (2684 turns).

Zeld the Digger (Gargoyle Earth Elementalist)       Turns: 2684, Time: 00:03:34

Health: -2/24      AC:  7    Str: 11    XL:     4   Next: 65%
Magic:  8/8        EV: 11    Int: 18    God:
Gold:   79         SH:  5    Dex: 10    Spells: 3/9 levels left

rFire   . . .      SeeInvis .   a - +2 dagger (venom)
rCold   . . .      Faith    .   (no shield)
rNeg    + . .      Spirit   .   b - +0 robe
rPois   ∞          Reflect  +   (no helmet)
rElec   +          Harm     .   (no cloak)
rCorr   .          Rampage  .   i - +0 pair of gloves
Will    .....                   q - +0 pair of boots
Stlth   ++........              d - amulet of reflection
HPRegen 0.08/turn               (no ring)
MPRegen 0.11/turn               (no ring)

@: no status effects
A: sickness immunity, AC +3, negative energy resistance 1, electricity
resistance, torment resistance 1, petrification resistance
a: no special abilities


You were on level 3 of the Dungeon.
You visited 1 branch of the dungeon, and saw 3 of its levels.

You collected 79 gold pieces.

Inventory:

Hand Weapons
 a - a +2 dagger of venom (weapon)
Missiles
 c - 92 stones
Armour
 b - a +0 robe (worn)
 i - a +0 pair of gloves (worn)
 q - a +0 pair of boots (worn)
Jewellery
 d - an amulet of reflection (around neck)
Scrolls
 f - a scroll of vulnerability {unknown}
 g - 3 scrolls of identify {unknown}
 k - a scroll of brand weapon {unknown}
Potions
 e - a potion of brilliance {unknown}
 h - a potion of heal wounds {unknown}
 j - a potion of might {unknown}
 l - a potion of curing {unknown}


   Skills:
 - Level 1.5 Dodging
 - Level 2.1 Stealth
 * Level 3.1 Spellcasting
 + Level 1.6 Transmutations
 * Level 4.8 Earth Magic


You had 3 spell levels left.
You knew the following spells:

 Your Spells              Type           Power      Damage    Failure   Level
a - Sandblast             Erth           40%        2d10      2%          1
b - Passwall              Tmut/Erth      11%        N/A       6%          2
c - Stone Arrow           Conj/Erth      22%        3d8       19%         3

Your spell library contained the following spells:

 Spells                   Type           Power      Damage    Failure   Level
 Blink                    Tloc           4%         N/A       24%         2
 Gell's Gravitas          Tloc           2%         N/A       43%         3
 Teleport Other           Tloc           2%         N/A       43%         3
 Petrify                  Tmut/Erth      14%        N/A       38%         4
 Manifold Assault         Tloc           2%         N/A       99%         5
 Dispersal                Tloc           1%         N/A       100%        6
 Storm Form               Tmut/Air       2%         N/A       100%        7


Dungeon Overview and Level Annotations

Branches:
Dungeon (3/15)

Altars:


Innate Abilities, Weirdness & Mutations

You are immune to sickness and miasma.
Your stone body is resilient. (AC +3)
You are immune to poison.
You resist negative energy. (rN+)
You are resistant to electric shocks. (rElec)
You are resistant to unholy torment.
You are immune to petrification.


Message History

You hit the orc.
The orc looks as sick as possible!
The orc is almost dead.
You kill the orc!
The orc priest hits you with a +0 whip.
You are too injured to fight recklessly!
You hit the orc priest.
The orc priest is moderately wounded.
The orc priest invokes the aid of Beogh against you.
Beogh smites you!
* * * LOW HITPOINT WARNING * * *
You are too injured to fight recklessly!
You barely miss the orc priest.
The orc priest is moderately wounded.
The orc priest hits you but does no damage.
You closely miss the orc priest.
The orc priest is moderately wounded.
The orc priest mumbles some strange prayers to Beogh against you.
Pain shoots through your body!
* * * LOW HITPOINT WARNING * * *
Unknown command.
Casting: Sandblast (safe; 2% risk of failure)
Confirm with . or Enter, or press ? or * to list all spells.
The spell is extremely dangerous to miscast (19% risk of failure)!
Continue anyway?
Okay, then.
You completely miss the orc priest.
The orc priest is moderately wounded.
You block the orc priest's attack.
Unknown command.
You hit the orc priest.
The orc priest is poisoned.
The orc priest is heavily wounded.
You block the orc priest's attack.
Unknown command.
You closely miss the orc priest.
The orc priest is heavily wounded.
The orc priest barely misses you.
Unknown command.
You completely miss the orc priest.
The orc priest is heavily wounded.
The orc priest hits you with a +0 whip.
You die...

##### ###...#####
##.........############
................@oc.(.#
##...)..##.....#####..######.
##.#...#######.# #.......c.
.......# #.# ##K######.
##.##..# #.# #o# .......# #.#
#.$ ##.###.# #.# #..#
##.###.## #.# #.o# ).......#
... #..#


You could see a centaur and an orc priest (very poisoned).

Vanquished Creatures
  4 adders
  2 worms (D:2)
  A dart slug (D:2)
  3 orcs (D:3)
  2 ball pythons
  5 bats
  4 endoplasms
  3 giant cockroaches
  2 goblins
  3 hobgoblins
  8 kobolds
  3 quokkas (D:2)
  5 frilled lizards
  3 rats
48 creatures vanquished.

Notes
Turn   | Place    | Note
-------+----------+-------------------------------------------
     0 | D:1      | Zeld the Gargoyle Earth Elementalist began the quest for
                  | the Orb.
     0 | D:1      | Reached XP level 1. HP: 10/10 MP: 3/3
   355 | D:1      | Reached skill level 1 in Transmutations
   355 | D:1      | Reached XP level 2. HP: 11/15 MP: 0/5
   508 | D:1      | Learned a level 2 spell: Passwall
   538 | D:1      | Reached skill level 4 in Earth Magic
  1429 | D:2      | Reached XP level 3. HP: 18/19 MP: 6/6
  1437 | D:2      | Learned a level 3 spell: Stone Arrow
  1777 | D:2      | Identified the +7 hand axe of the Tooth {vorpal, Fragile
                  | rC+ Stlth+}
  1810 | D:2      | Reached XP level 4. HP: 12/24 MP: 4/8
  2459 | D:3      | Found a faded altar of an unknown god.
  2658 | D:3      | Noticed a centaur
  2684 | D:3      | Slain by an orc priest

Illustrated notes

Levels and vault maps discovered:
D:1:      lemuel_arrival_muddy, layout_basic, serial_glass, glass_columns_b,
          glass_columns_b
D:2:      kennysheep_big_flooded_room, layout_rooms
D:3:      layout_loops_ring, chequers_ecumenical_altar_twisty, corner_web_ring,
          minmay_misc_feat_alley

Skill      XL: |  1  2  3  4 |
---------------+-------------+-----
Transmutations | 1 |  1.6
Earth Magic    | 4 |  4.8
Spellcasting   | 3 |  3.1
Dodging        | |  1.5
Stealth        | |  2.1

Action                   |  1- 3 |  4- 6 || total
-------------------------+-------+-------++-------
Melee: Unarmed           |     7 |       ||     7
       Dagger            |    55 |    69 ||   124
       Punch             |     1 |     2 ||     3
 Cast: Sandblast         |    18 |       ||    18
 Stab: Sleeping          |     1 |     1 ||     2
Armor: Robe              |    21 |    22 ||    43
Dodge: Dodged            |    34 |    21 ||    55
Block: Other             |    13 |    17 ||    30
       Reflection        |     1 |     1 ||     2
